 Dungeon Crawl Stone Soup version 0.25.0-37-gb73750e0fb (webtiles) character file.

Game seed: 4147613001367701632

40178 xccam the Dancer (level 14, -3/103 HPs)
             Began as an Octopode Assassin on July 9, 2020.
             Was a Believer of Uskayaw.
             Killed from afar by a lindwurm (36 damage)
             ... with a blast of flame
             ... on level 2 of the Lair of Beasts.
             The game lasted 00:29:50 (16470 turns).

xccam the Dancer (Octopode Assassin)               Turns: 16470, Time: 00:29:51

Health: -3/103     AC:  3    Str: 11    XL:     14   Next: 9%
Magic:  33/33      EV: 27    Int: 20    God:    Uskayaw [**....]
Gold:   989        SH:  8    Dex: 17    Spells: 11/13 levels left

rFire    . . .     SeeInvis .   y - +2 dagger (elec)
rCold    . . .     Gourm    .   K - +2 buckler
rNeg     . . .     Faith    +   T - +2 hat
rPois    .         Spirit   .   u - amulet of faith
rElec    .         Reflect  .   F - +4 ring of evasion
rCorr    .         Harm     .   J - ring of wizardry
MR       +....                  H - ring of stealth
Stlth    ++++++++..             z - +4 ring of evasion
HPRegen  0.27/turn              S - +6 ring of intelligence
MPRegen  0.23/turn              P - ring of magical power
                                (no ring)
                                (no ring)

@: no status effects
A: almost no armour, stealthy swim, amphibious, 8 rings, constrict 8, camouflage
1, gelatinous body 1
a: Stomp, Line Pass, Renounce Religion


You were on level 2 of the Lair of Beasts.
You worshipped Uskayaw.
Uskayaw was pleased with you.
You were not hungry.

You visited 3 branches of the dungeon, and saw 16 of its levels.
You visited 1 bazaar.
You also visited: Ossuary and Bailey.

You collected 1082 gold pieces.
You spent 93 gold pieces at shops.

Inventory:

Hand Weapons
 a - a +2 dagger
 f - a +2 dagger of speed
 y - a +2 dagger of electrocution (weapon)
Missiles
 b - 32 poisoned darts (quivered)
 c - 6 curare-tipped darts
Armour
 E - a +0 kite shield
 K - a +2 buckler (worn)
 T - a +2 hat (worn)
Jewellery
 u - an amulet of faith (around mantle)
 z - a +4 ring of evasion (on tentacle)
 F - a +4 ring of evasion (left tentacle)
 H - a ring of stealth (on tentacle)
 J - a ring of wizardry (right tentacle)
 P - a ring of magical power (on tentacle)
 S - a +6 ring of intelligence (on tentacle)
Wands
 i - a wand of flame (50)
 q - a wand of digging (6)
 v - a wand of acid (11)
Scrolls
 g - 3 scrolls of blinking
 j - 4 scrolls of fog
 l - 11 scrolls of teleportation
 m - 5 scrolls of immolation
 p - a scroll of random uselessness {unknown}
 s - 2 scrolls of magic mapping
 t - 3 scrolls of fear
 x - 6 scrolls of remove curse
 B - 4 scrolls of amnesia
 I - a scroll of acquirement {unknown}
 M - a scroll of enchant weapon
 Q - 4 scrolls of enchant armour {unknown}
 R - 2 scrolls of silence {unknown}
 U - a scroll of vulnerability {unknown}
 V - a scroll of summoning {unknown}
Potions
 e - 4 potions of brilliance
 h - 2 potions of magic
 k - 3 potions of mutation
 n - a potion of heal wounds
 o - 3 potions of berserk rage
 r - a potion of cancellation
 w - a potion of haste {unknown}
 A - 2 potions of resistance
 C - a potion of stabbing
 D - a potion of might {unknown}
 G - 3 potions of curing
 L - a potion of ambrosia {unknown}
 N - 5 potions of flight
 O - 2 potions of lignification
Comestibles
 d - 27 rations
 W - 12 chunks of flesh


   Skills:
 - Level 12.0 Fighting
 - Level 10.0 Short Blades
 - Level 6.0 Throwing
 + Level 8.3 Dodging
 - Level 10.0 Stealth
 - Level 5.0 Shields
 - Level 5.0 Translocations
 + Level 13.6 Invocations


You had 11 spell levels left.
You knew the following spells:

 Your Spells              Type           Power        Failure   Level  Hunger
a - Blink                 Tloc           N/A          1%          2    ###....

Your spell library contained the following spells:

 Spells                   Type           Power        Failure   Level  Hunger
 Beastly Appendage        Tmut           #.....       8%          1    ##.....
 Magic Dart               Conj           #...         8%          1    ##.....
 Sandblast                Erth           #.....       8%          1    ##.....
 Call Imp                 Summ           #.......     12%         2    ###....
 Passwall                 Tmut/Erth      #.......     12%         2    ###....
 Slow                     Hex            #.......     12%         2    ###....
 Sticks to Snakes         Tmut           #.......     12%         2    ###....
 Conjure Flame            Conj/Fire      #.......     22%         3    ####...
 Mephitic Cloud           Conj/Pois/Air  #.......     22%         3    ####...
 Spider Form              Tmut/Pois      #.........   22%         3    ####...
 Stone Arrow              Conj/Erth      #.....       22%         3    ####...
 Ice Form                 Ice/Tmut       #.......     56%         4    #####..
 Petrify                  Tmut/Erth      #.......     56%         4    #####..
 Blade Hands              Tmut           #.........   88%         5    ######.
 Lee's Rapid Deconstruct  Erth           #.........   88%         5    ######.


Dungeon Overview and Level Annotations

Branches:
Dungeon (13/15)            Temple (1/1) D:6            Lair (2/6) D:10
    Orc (0/2) D:10        Ossuary (visited)          Bailey (visited)
  Swamp: Lair:2-4    Shoals: Lair:2-4     Snake: Lair:2-4    Spider: Lair:2-4
 Vaults: D:13-14

Altars:
Ashenzari
Dithmenos
Hepliaklqana
Qazlal
Ru
Trog
Uskayaw
Vehumet
Yredelemnul
Zin

Shops:
D:8 ?


Innate Abilities, Weirdness & Mutations

You cannot wear most types of armour.
You are very stealthy in the water. (Stealth+)
You are amphibious.
You can wear up to eight rings at the same time.
You can use your tentacles to constrict eight enemies at once.
Your skin changes colour to match your surroundings (Stealth+).
Your rubbery body absorbs attacks. (AC +1, EV +1)


Message History

You are engulfed in a cloud of scalding steam.
Unknown command.
You hit the lindwurm.
The lindwurm is almost dead.
You are engulfed in a cloud of scalding steam.
The dire elephant completely misses you.
You block the dire elephant's attack. The lindwurm barely misses you.
The lindwurm completely misses you. x2
Unknown command.
You hit the lindwurm but do no damage.
You squeeze the lindwurm, but do no damage.
The lindwurm is almost dead.
You are engulfed in a cloud of scalding steam.
Unknown command.
You hit the lindwurm. You squeeze the lindwurm.
The lindwurm is almost dead.
You are engulfed in a cloud of scalding steam.
The lindwurm breathes flames at you. The blast of flame hits you!!!
You die...

♣♣♣♣####### ♣
♣♣≈≈≈'≈≈≈≈≈# ♣♣♣
♣≈≈≈≈#≈≈≈≈≈# ..♣
♣≈≈≈♣##≈≈≈≈# .P♣♣♣
♣♣≈≈≈♣ #≈≈### ....♣
♣P≈≈≈# #≈÷##
....♣♣♣P≈≈≈# #≈≈≈##
....P♣♣♣≈≈≈♣ ##≈≈≈#
≈....♣♣♣≈≈♣♣ #.@k#
≈≈≈≈.P♣♣≈≈≈♣ ##Y≈#
≈≈≈≈≈≈♣P≈≈♣♣# ≈≈≈#
≈≈≈≈≈P♣P≈≈♣÷##≈≈≈##
≈≈≈≈≈≈♣♣≈≈≈♣.#≈≈##
≈≈≈≈≈≈♣♣P≈≈♣##≈##
≈≈.≈≈≈≈≈≈≈≈♣##≈≈≈≈
≈..P≈≈≈≈≈≈≈# ##≈≈≈#
....≈≈≈≈≈≈≈# ##≈#


You could see a dire elephant and a lindwurm (catching breath).

Vanquished Creatures
  Gastronok (D:11)
  A fire dragon (D:11)
  The ghost of Purph the Cleaver, a journeyman MiBe of Trog (Lair:1)
  5 hydras
  4 two-headed ogres
  2 centaur warriors
  A tengu warrior (D:13)
  An unseen horror (D:13)
  The ghost of Jaiteiro the Ruffian, a novice TrAM of Okawaru (D:7)
  5 ugly things
  A deep elf mage (D:12)
  2 cyclopes
  A manticore (D:11)
  3 black mambas (Lair:2)
  2 centaur zombies (D:13)
  2 moths of wrath (Lair:1)
  An efreet (D:12)
  6 spiny frogs
  2 komodo dragons
  A kobold demonologist (D:11)
  3 rime drakes (Lair:2)
  2 tengu conjurers (D:13)
  7 trolls
  4 blink frogs (Lair:2)
  A hornet (D:12)
  2 slime creatures (D:11)
  4 hippogriffs
  A wraith (D:12)
  30 yaks
  3 wyverns
  A basilisk (D:10)
  4 vampire mosquitoes
  A soldier ant (D:13)
  The ghost of protoss039 the Magician, an amateur DEAE (D:4)
  9 water moccasins
  An acid dragon (D:11)
  7 porcupines
  10 orc warriors
  3 sky beasts
  4 ice beasts (D:6)
  A necrophage (D:11)
  A wolf (Lair:2)
  5 ogres
  11 centaurs
  9 crocodiles
  2 elf zombies (Ossuary)
  14 bullfrogs
  2 big kobolds
  A wyvern zombie (D:11)
  A wyvern skeleton (D:11)
  2 scorpions
  6 wights
  A howler monkey (D:4)
  4 electric eels (Lair:1)
  7 crimson imps
  A quasit (D:13)
  2 bullfrog zombies
  3 hounds
  4 orc priests
  2 jellies
  Crazy Yiuf (D:5)
  3 centaur skeletons
  A gnoll shaman (D:6)
  12 orc wizards
  2 bullfrog skeletons
  Natasha (thrice) (D:2)
  An iguana (D:8)
  9 worker ants
  2 big kobold zombies (Ossuary)
  A hound skeleton (D:10)
  3 mummies (Ossuary)
  2 worker ant zombies
  2 howler monkey skeletons
  3 gnolls
  9 adders
  3 shadow imps
  4 adder zombies
  4 adder skeletons
  2 worms
  A dart slug (D:1)
  5 leopard geckos
  48 orcs
  9 giant cockroaches
  11 goblins
  9 hobgoblins
  11 jackals
  8 quokkas
  4 ball pythons
  4 bats (D:1)
  4 frilled lizards
  4 gnoll zombies (Ossuary)
  5 goblin zombies (Ossuary)
  3 hobgoblin zombies (Ossuary)
  2 jackal zombies (Ossuary)
  26 kobolds
  3 kobold zombies (Ossuary)
  A leopard gecko skeleton (D:4)
  5 orc zombies (Ossuary)
  A quokka skeleton (D:7)
  8 quokka zombies
  8 rats
  2 rat zombies
469 creatures vanquished.

Vanquished Creatures (others)
  A kobold (D:7)
  5 toadstools (Lair:2)
6 creatures vanquished.

Grand Total: 475 creatures vanquished

Notes
Turn   | Place    | Note
-------+----------+-------------------------------------------
     0 | D:1      | xccam the Octopode Assassin began the quest for the Orb.
     0 | D:1      | Reached XP level 1. HP: 14/14 MP: 1/1
   148 | D:1      | Reached XP level 2. HP: 19/19 MP: 2/2
   680 | D:1      | Reached XP level 3. HP: 24/24 MP: 3/3
   797 | D:2      | Noticed Natasha
   806 | D:2      | Killed Natasha
   827 | D:2      | Noticed Natasha
   833 | D:2      | Killed Natasha
   833 | D:2      | Reached XP level 4. HP: 29/29 MP: 4/4
  1203 | D:2      | Noticed Natasha
  1209 | D:2      | Killed Natasha
  1209 | D:2      | Reached skill level 5 in Short Blades
  1209 | D:2      | Reached XP level 5. HP: 29/34 MP: 5/5
  2111 | D:3      | You fall into a shaft and drop 3 floors!
  2153 | D:6      | Noticed a centaur
  2156 | D:6      | Killed a centaur
  2156 | D:6      | Reached XP level 6. HP: 39/39 MP: 6/6
  2258 | D:5      | Entered Level 5 of the Dungeon
  2404 | D:5      | Found a runed translucent door.
  2405 | D:5      | Noticed Crazy Yiuf
  2412 | D:5      | Killed Crazy Yiuf
  2478 | D:4      | Found a sand-covered staircase.
  2497 | Ossuary  | Entered an ossuary
  2543 | Ossuary  | Reached XP level 7. HP: 11/45 MP: 7/7
  3684 | D:4      | Found a runed translucent gate.
  3684 | D:4      | Found a runed translucent gate.
  3684 | D:4      | Found a runed translucent gate.
  3694 | D:4      | Noticed protoss039's ghost (amateur DEAE)
  4347 | D:4      | Killed protoss039's ghost
  4347 | D:4      | Reached skill level 1 in Shields
  4347 | D:4      | Reached XP level 8. HP: 43/52 MP: 8/8
  5208 | D:6      | Reached XP level 9. HP: 14/56 MP: 9/9
  5689 | D:6      | Reached skill level 5 in Shields
  5755 | D:6      | Found a staircase to the Ecumenical Temple.
  5777 | Temple   | Entered the Ecumenical Temple
  5792 | Temple   | Became a worshipper of Uskayaw the Reveler
  5858 | D:6      | Reached * piety under Uskayaw
  5929 | D:6      | Reached skill level 1 in Invocations
  5929 | D:6      | Reached ** piety under Uskayaw
  6190 | D:6      | Reached *** piety under Uskayaw
  6191 | D:6      | Reached skill level 2 in Invocations
  6519 | D:7      | Found a runed translucent gate.
  6519 | D:7      | Found a runed translucent gate.
  6520 | D:7      | Found a runed translucent gate.
  6520 | D:7      | Noticed Jaiteiro's ghost (novice TrAM)
  6849 | D:7      | Reached skill level 3 in Invocations
  7090 | D:7      | Reached **** piety under Uskayaw
  7123 | D:7      | Reached skill level 4 in Invocations
  7127 | D:7      | Reached skill level 10 in Short Blades
  7127 | D:7      | Reached skill level 5 in Invocations
  7127 | D:7      | Reached ***** piety under Uskayaw
  7129 | D:7      | Reached skill level 6 in Invocations
  7129 | D:7      | Reached XP level 10. HP: 30/63 MP: 11/14
  7321 | D:7      | Killed Jaiteiro's ghost
  7454 | D:7      | Found a shattered altar of Ashenzari.
  7920 | D:8      | Found Ynkowo's Magic Scroll Shoppe.
  7926 | D:8      | Bought a scroll of fear for 38 gold pieces
  7926 | D:8      | Bought a scroll of identify for 22 gold pieces
  7926 | D:8      | Bought a scroll of teleportation for 33 gold pieces
  8056 | D:8      | Reached skill level 5 in Dodging
  8752 | D:9      | Found a flagged portal.
  8764 | Bailey   | Entered a bailey
  8938 | Bailey   | Reached ****** piety under Uskayaw
  9091 | Bailey   | Learned a level 2 spell: Blink
  9397 | D:10     | Entered Level 10 of the Dungeon
  9411 | D:10     | Found a staircase to the Lair.
  9596 | D:10     | Reached skill level 1 in Translocations
  9603 | D:10     | Reached skill level 7 in Invocations
  9739 | D:10     | Reached XP level 11. HP: 70/70 MP: 16/16
 10048 | D:10     | Found a staircase to the Orcish Mines.
 10435 | D:11     | Reached skill level 5 in Fighting
 10442 | D:11     | Noticed a manticore
 10455 | D:11     | Killed a manticore
 10603 | D:11     | Found a flickering gateway to a bazaar.
 10622 | Bazaar   | Entered a bazaar
 10654 | Bazaar   | Found Qatoy's Antique Armour Emporium.
 10677 | Bazaar   | Found Dampublu's Antique Armour Shop.
 10718 | Bazaar   | Found Det Exka's Antique Armour Emporium.
 11227 | D:11     | Noticed a four-headed hydra
 11233 | D:11     | Killed a four-headed hydra
 11233 | D:11     | Reached skill level 5 in Throwing
 11233 | D:11     | Reached skill level 8 in Invocations
 11330 | D:11     | Noticed a centaur warrior
 11330 | D:11     | Noticed a fire dragon
 11330 | D:11     | Noticed a green ugly thing
 11330 | D:11     | Noticed a cyclops
 11341 | D:11     | Killed a centaur warrior
 11343 | D:11     | Killed a cyclops
 11347 | D:11     | Killed a green ugly thing
 11347 | D:11     | Reached skill level 10 in Stealth
 11347 | D:11     | Killed a fire dragon
 11533 | D:11     | Noticed Gastronok
 11549 | D:11     | Killed Gastronok
 11549 | D:11     | Reached skill level 5 in Translocations
 11549 | D:11     | Reached skill level 9 in Invocations
 11549 | D:11     | Reached XP level 12. HP: 44/81 MP: 18/18
 11977 | D:12     | Noticed a centaur warrior
 12026 | D:12     | Killed a centaur warrior
 12332 | D:12     | Noticed a two-headed ogre
 12423 | D:12     | Killed a two-headed ogre
 12531 | D:12     | Reached skill level 10 in Invocations
 13234 | D:13     | Reached skill level 11 in Invocations
 13494 | D:13     | Noticed a two-headed ogre
 13505 | D:13     | Killed a two-headed ogre
 13589 | D:13     | Reached XP level 13. HP: 91/91 MP: 21/21
 13620 | D:13     | Reached skill level 10 in Fighting
 13928 | D:13     | Reached skill level 12 in Invocations
 14625 | Lair:1   | Entered Level 1 of the Lair of Beasts
 14884 | Lair:1   | Found a transporter.
 14898 | Lair:1   | Found a transporter.
 14904 | Lair:1   | Noticed Purph's ghost (journeyman MiBe)
 15489 | Lair:1   | Killed Purph's ghost
 15489 | Lair:1   | Reached skill level 13 in Invocations
 15903 | Lair:2   | Reached XP level 14. HP: 73/102 MP: 24/24
 16349 | Lair:2   | Noticed a dire elephant
 16373 | Lair:2   | Found a runed translucent door.
 16470 | Lair:2   | Killed from afar by a lindwurm

Illustrated notes

Levels and vault maps discovered:
D:1:      giann_bridges, layout_loops_corners, st_stairs_11,
          minmay_tiny_reverse_x
D:2:      layout_rooms, uniq_natasha
D:3:      layout_rooms, minmay_checkerbox
D:4:      layout_cave_pools, serial_park, serial_park_square3
          [serial_park_minivault_5x5_3], serial_park_square3
          [serial_park_minivault_5x5_6], gammafunk_ghost_split, enter_ossuary_4,
          minivault_11
D:5:      layout_basic, first_ration, uniq_crazy_yiuf_cottage
D:6:      minmay_thinvault, layout_cave_pods, minmay_temple_entry_wispy
D:7:      layout_cave_pools, lemuel_doored_altar, ebering_ghost_rock_garden
D:8:      layout_loops_corners, serial_shops,
          nicolae_shop_temple_entry_statues_fountains
D:9:      layout_roguey, enter_bailey_7, minmay_misc_feat_alley
D:10:     layout_long_grid, minmay_lair_entry_grove
D:11:     minmay_the_grid_triangle_9x9_recursive_2
          [minmay_the_grid_triangle_9x9_prize_insulated,
          minmay_the_grid_triangle_9x9_minimal,
          minmay_the_grid_triangle_9x9_corrupted_corridor,
          minmay_the_grid_triangle_9x9_warning], layout_loops_corners,
          serial_shops, bzr_entry_gold, uniq_gastronok
D:12:     layout_loops_ring
D:13:     layout_irregular_city, grunt_tengu_nest
Temple:   nicolae_temple_the_god_donut
Lair:1:   layout_misc_corridors, gammafunk_ghost_berserking_beasts,
          serial_bayou, serial_bayou_pond_d, serial_bayou_lake_a,
          serial_bayou_crossing, serial_bayou_lagoon_b
Lair:2:   gammafunk_lair_enchanted_lake, layout_chaotic_city, swamp_mist,
          serial_bayou_pond_c, minivault_26

Skill      XL: |  1  2  3  4  5  6  7  8  9 10 11 12 13 14 |
---------------+-------------------------------------------+-----
Short Blades   | 3 4 5 6 7 8 10 | 10.0
Dodging        | 2 3 4 6 7 8 |  8.3
Stealth        | 6 7 8 10 | 10.0
Fighting       | 3 4 7 9 11 12 | 12.0
Shields        | 1 4 5 |  5.0
Invocations    | 6 7 9 11 13 | 13.6
Throwing       | 4 6 |  6.0
Translocations | 2 5 |  5.0

Action                   |  1- 3 |  4- 6 |  7- 9 | 10-12 | 13-15 || total
-------------------------+-------+-------+-------+-------+-------++-------
Melee: Dagger            |    42 |   133 |   479 |   451 |   232 ||  1337
       Constrict         |     7 |    24 |    81 |    45 |    28 ||   185
       Tentacles         |     4 |    25 |    97 |    88 |    44 ||   258
Invok: Grand Finale      |       |       |       |     1 |     1 ||     2
       Stomp             |       |       |       |       |     3 ||     3
  Use: Scroll            |       |    10 |     6 |     6 |       ||    22
       Potion            |       |       |     2 |     2 |       ||     4
 Stab: Sleeping          |    11 |    13 |    24 |    47 |    28 ||   123
       Invisible         |       |       |     3 |       |       ||     3
       Distracted        |       |       |     2 |       |     2 ||     4
       Paralysed         |       |       |     7 |    33 |    14 ||    54
  Eat: Chunk             |       |     2 |    14 |    21 |    10 ||    47
       Ration            |       |     1 |       |       |       ||     1
Armor: Skin              |       |     3 |     4 |     3 |     7 ||    17
Dodge: Dodged            |    16 |    47 |   139 |   226 |   122 ||   550
Block: Buckler           |       |       |    22 |    88 |    48 ||   158
